 Dungeon Crawl Stone Soup version 0.25.1-8-g42b30a86e7 (webtiles) character file.

Game seed: 12346048386279676501

9638 hawla the Thaumaturge (level 11, -6/84 HPs)
             Began as a Red Draconian Conjurer on Nov 30, 2020.
             Was a Believer of Vehumet.
             Shot with an arrow by a centaur warrior (16 damage)
             ... on level 11 of the Dungeon on Dec 1, 2020.
             The game lasted 00:47:21 (16113 turns).

hawla the Thaumaturge (Red Draconian Conjurer)     Turns: 16113, Time: 00:47:23

Health: -6/84      AC: 10    Str: 16    XL:     11   Next: 25%
Magic:  25/25      EV: 14    Int: 21    God:    Vehumet [**....]
Gold:   974        SH:  5    Dex: 12    Spells: 21/30 levels left

rFire    + . .     SeeInvis .   p - +7 trident of Boumyibb {distort, +Fly rC- Str+6}
rCold    x . .     Gourm    .   (no shield)
rNeg     . . .     Faith    .   (armour unavailable)
rPois    .         Spirit   .   (helmet restricted)
rElec    .         Reflect  +   u - +2 cloak {Stlth+}
rCorr    +         Harm     .   (no gloves)
MR       +....                  (no boots)
Stlth    +++.......             y - amulet of reflection
HPRegen  0.24/turn              i - ring of resist corrosion
MPRegen  0.19/turn              D - ring of protection from magic

@: no status effects
A: breathe fire, unfitting armour, blink, clever 1, fire resistance 1,
cold-blooded, AC +7
a: Breathe Fire, Blink, Renounce Religion, Evoke Flight


You were on level 11 of the Dungeon.
You worshipped Vehumet.
Vehumet was pleased with you.
You were not hungry.

You visited 2 branches of the dungeon, and saw 12 of its levels.
You also visited: Sewer and Ossuary.

You collected 974 gold pieces.

Inventory:

Hand Weapons
 p - the +7 trident of Boumyibb (weapon) {distort, +Fly rC- Str+6}
   (You found it on level 8 of the Dungeon)

   It warps and distorts space around it.
   Unwielding it can cause banishment or high damage.
   It affects your strength (+6).
   It makes you vulnerable to cold.
   It lets you fly.
 t - a +7 quarterstaff of chaos
 H - the +5 mace of Bacuf {elec, *Contam +Rage rElec rPois SInv, unknown}
   (You found it on level 10 of the Dungeon)

   Occasionally, upon striking a foe, it will discharge some electrical energy
   and cause terrible harm.
   It insulates you from electricity.
   It protects you from poison.
   It lets you see invisible.
   It lets you go berserk.
   It causes magical contamination when unequipped.
Missiles
 e - a throwing net
 s - 31 poisoned darts (quivered)
 B - 16 boomerangs
Armour
 u - a +2 cloak of stealth (worn)
Magical Staves
 x - an uncursed staff of earth {unknown}
Jewellery
 i - a ring of resist corrosion (left hand)
 q - an uncursed ring of see invisible
 y - an amulet of reflection (around neck)
 D - a ring of protection from magic (right hand)
 G - an uncursed ring of flight {unknown}
Wands
 d - a wand of random effects (9)
 g - a wand of flame (74)
 j - a wand of iceblast (14)
 l - a wand of acid (7)
 F - a wand of paralysis (8)
 I - a wand of digging (8)
Scrolls
 r - 8 scrolls of remove curse
 v - 4 scrolls of amnesia
 w - 4 scrolls of fog
 z - 5 scrolls of teleportation
 A - 2 scrolls of vulnerability
 C - 2 scrolls of enchant armour
 E - 2 scrolls of blinking
 K - a scroll of identify
Potions
 a - 2 potions of haste
 c - 2 potions of stabbing
 f - 11 potions of flight
 h - a potion of ambrosia
 k - 3 potions of heal wounds
 m - 2 potions of curing
 n - a potion of might
 o - a potion of invisibility
 J - a potion of berserk rage {unknown}
Comestibles
 b - 20 rations


   Skills:
 + Level 4.1 Fighting
 + Level 1.9 Staves
 + Level 4.8 Dodging
 + Level 4.7 Stealth
 + Level 10.0 Spellcasting
 + Level 9.8 Conjurations
 + Level 7.3 Translocations


You had 21 spell levels left.
You knew the following spells:

 Your Spells              Type           Power        Failure   Level  Hunger
a - Magic Dart            Conj           ####         1%          1    None
b - Searing Ray           Conj           ######       1%          2    None
c - Iskenderun's Mystic   Conj/Tloc      #####...     1%          4    ##.....
d - Blink                 Tloc           N/A          1%          2    None

Your spell library contained the following spells:

 Spells                   Type           Power        Failure   Level  Hunger
 Shock                    Conj/Air       ####         1%          1    None
 Conjure Flame            Conj/Fire      ####....     2%          3    None
 Dazzling Flash           Conj/Hex       ####..       2%          3    None
 Mephitic Cloud           Conj/Pois/Air  ###.....     4%          3    None
 Fulminant Prism          Conj/Hex       ####......   9%          4    ##.....
 Call Imp                 Summ           ##......     10%         2    None
 Slow                     Hex            ##......     10%         2    None


Dungeon Overview and Level Annotations

Branches:
Dungeon (11/15)            Temple (1/1) D:6            Lair (0/6) D:10
    Orc (0/2) D:9           Sewer (visited)         Ossuary (visited)

Altars:
Ashenzari
Cheibriados
Dithmenos
Elyvilon
Fedhas
Gozag
Hepliaklqana
Kikubaaqudgha
Makhleb
Nemelex Xobeh
Okawaru
Qazlal
Ru
Sif Muna
Trog
Uskayaw
Vehumet
Wu Jian
Xom
Yredelemnul
Zin
The Shining One


Innate Abilities, Weirdness & Mutations

You can breathe blasts of fire.
Your fiery red scales are hard. (AC +7)
You cannot fit into any form of body armour.
Your flesh is heat resistant. (rF+)
You are cold-blooded and may be slowed by cold attacks.
You can translocate small distances at will.
Your mind is acute. (Int +2)


Message History

* * * LOW HITPOINT WARNING * * *
The arrow freezes you!
* * * LOW HITPOINT WARNING * * *
The centaur warrior shoots an arrow.
The arrow closely misses you.
You hear a shout!
You see here an arrow.
You feel much better.
You feel yourself speed up.
The centaur shoots an arrow.
The arrow hits you! The arrow freezes you.
* * * LOW HITPOINT WARNING * * *
The centaur warrior shoots an arrow.
You reflect the arrow off an invisible shield around you!
The arrow hits the centaur warrior!
The centaur shoots an arrow.
The arrow hits you!
* * * LOW HITPOINT WARNING * * *
The arrow freezes you.
* * * LOW HITPOINT WARNING * * *
A centaur comes into view.
The centaur warrior shoots an arrow.
The arrow hits you!
You die...

#...#.....
##.^..[...####
................#
..........#.....#
............#.###.<..#
...............##...###
..............#......#
#....)....##.>##...##
......c.....@(.....#
#...c#.#.((......##
##..(# #c##.#.#.##
##?($.###.####...##
#.ccc..(c.####....#
#).#..#.#........##
...$.)##.##.##........#
..c†.###..#..#.........
..... ..##..>........#


You could see a centaur warrior and 2 centaurs.

Vanquished Creatures
  2 two-headed ogres (D:10)
  Pikel (D:7)
  A spectral centaur (D:10)
  A centaur zombie (D:10)
  A centaur skeleton (D:10)
  Maggie (D:7)
  A troll (D:9)
  A hippogriff (D:10)
  Sigmund (D:3)
  10 yaks
  A hungry ghost (D:10)
  A porcupine (D:10)
  Duvessa (D:6)
  An ice beast (D:6)
  2 orc warriors
  A sky beast (D:10)
  A black bear (D:10)
  A necrophage (D:8)
  6 ogres
  A phantom (D:10)
  5 centaurs
  2 big kobolds
  4 bullfrogs
  A water moccasin zombie (D:7)
  Dowan (D:6)
  A wyvern skeleton (D:9)
  A wyvern zombie (D:10)
  2 scorpions
  6 killer bees (D:10)
  2 howler monkeys
  3 wights (D:10)
  5 crimson imps
  A bullfrog zombie (D:10)
  3 orc priests
  2 hounds
  2 jellies
  7 orc wizards
  2 bullfrog skeletons
  Crazy Yiuf (D:3)
  2 iguanas
  Ijyb (D:3)
  10 worker ants
  2 killer bee zombies
  A big kobold zombie (Ossuary)
  A hound zombie (D:8)
  A hound skeleton (D:8)
  9 mummies (Ossuary)
  2 worker ant zombies
  3 gnolls (D:3)
  12 adders
  2 river rats (D:4)
  2 shadow imps (D:10)
  6 oozes
  6 worms
  2 dart slugs
  3 leopard geckos
  29 orcs
  3 ball pythons
  8 giant cockroaches
  6 goblins
  8 hobgoblins
  11 jackals
  11 kobolds
  5 quokkas
  12 bats
  5 frilled lizards
  2 gnoll zombies (Ossuary)
  A hobgoblin zombie (Ossuary)
  A kobold zombie (Ossuary)
  A leopard gecko skeleton (D:5)
  3 orc zombies (Ossuary)
  10 rats
  A fungus (D:10)
269 creatures vanquished.

Vanquished Creatures (others)
  6 fungi (D:10)
6 creatures vanquished.

Grand Total: 275 creatures vanquished

Notes
Turn   | Place    | Note
-------+----------+-------------------------------------------
     0 | D:1      | hawla the Draconian Conjurer began the quest for the Orb.
     0 | D:1      | Reached XP level 1. HP: 14/14 MP: 3/3
   300 | D:1      | Reached XP level 2. HP: 20/20 MP: 3/5
   942 | D:2      | Reached skill level 3 in Spellcasting
  1410 | D:2      | Reached XP level 3. HP: 24/26 MP: 0/7
  1417 | D:2      | Learned a level 2 spell: Searing Ray
  1665 | D:2      | Reached XP level 4. HP: 32/33 MP: 1/9
  1885 | D:2      | Found a blossoming altar of Fedhas.
  2098 | D:2      | Reached skill level 4 in Spellcasting
  2250 | D:2      | Learned a level 4 spell: Iskenderun's Mystic Blast
  2318 | D:3      | Noticed Sigmund
  2355 | D:3      | Reached skill level 1 in Translocations
  2780 | D:3      | Killed Sigmund
  2780 | D:3      | Reached XP level 5. HP: 16/38 MP: 3/11
  2780 | D:3      | Reached XP level 6. HP: 19/45 MP: 3/12
  3788 | D:3      | Found a runed translucent door.
  3789 | D:3      | Noticed Crazy Yiuf
  3827 | D:3      | Noticed Ijyb
  3837 | D:3      | Killed Ijyb
  4317 | D:3      | Killed Crazy Yiuf
  4483 | D:4      | Found a sand-covered staircase.
  4491 | Ossuary  | Entered an ossuary
  4522 | Ossuary  | Your scales start taking on a fiery red colour.
  4522 | Ossuary  | Reached XP level 7. HP: 50/50 MP: 2/14
  4522 | Ossuary  | Gained mutation: Your flesh is heat resistant. (rF+) [Red
                  | Draconian growth]
  4534 | Ossuary  | Reached skill level 5 in Spellcasting
  4952 | D:4      | Reached skill level 5 in Conjurations
  4964 | D:4      | Found a glowing drain.
  4997 | Sewer    | Entered a sewer
  5280 | Sewer    | Reached skill level 5 in Translocations
  5480 | Sewer    | Gained mutation: Your tail ends in a poisonous barb.
                  | [potion of mutation]
  5480 | Sewer    | Gained mutation: You are robust. (+10% HP) [potion of
                  | mutation]
  5480 | Sewer    | Lost mutation: You are robust. (+10% HP) [potion of
                  | mutation]
  5480 | Sewer    | Gained mutation: You have a pair of small horns on your
                  | head. [potion of mutation]
  6710 | D:4      | Reached skill level 6 in Spellcasting
  7057 | D:5      | Entered Level 5 of the Dungeon
  7061 | D:5      | Reached XP level 8. HP: 57/57 MP: 11/17
  7138 | D:5      | Found a shimmering altar of Xom.
  7324 | D:5      | Found a shattered altar of Ashenzari.
  8111 | D:6      | Reached skill level 7 in Spellcasting
  8278 | D:6      | Learned a level 2 spell: Blink
  8476 | D:6      | Found a staircase to the Ecumenical Temple.
  8804 | Temple   | Entered the Ecumenical Temple
  8813 | Temple   | Lost mutation: You have a pair of small horns on your head.
                  | [potion of mutation]
  8813 | Temple   | Lost mutation: Your tail ends in a poisonous barb. [potion
                  | of mutation]
  8813 | Temple   | Gained mutation: You can translocate small distances at
                  | will. [potion of mutation]
  8813 | Temple   | Gained mutation: Your mind is acute. (Int +2) [potion of
                  | mutation]
  9072 | Temple   | Became a worshipper of Vehumet
  9285 | D:7      | Noticed Duvessa
  9286 | D:7      | Noticed Dowan
  9325 | D:7      | Noticed Maggie
  9838 | D:6      | Killed Duvessa
  9838 | D:6      | Reached XP level 9. HP: 44/62 MP: 1/20
  9843 | D:6      | Killed Dowan
 10358 | D:7      | Killed Maggie
 10669 | D:7      | Found a sparkling altar of Nemelex Xobeh.
 10735 | D:7      | Reached skill level 1 in Staves
 10735 | D:7      | Reached skill level 8 in Spellcasting
 10736 | D:7      | Reached skill level 1 in Fighting
 11145 | D:7      | Noticed Pikel
 11148 | D:7      | Found an ornate altar of the Wu Jian Council.
 11157 | D:7      | Killed Pikel
 11469 | D:8      | Found a hide-covered altar of Uskayaw.
 11489 | D:8      | Got a crude trident
 11490 | D:8      | Identified the +7 trident of Boumyibb {distort, +Fly rC-
                  | Str+6} (You found it on level 8 of the Dungeon)
 11795 | D:8      | Reached XP level 10. HP: 50/74 MP: 7/22
 12463 | D:8      | Reached * piety under Vehumet
 12463 | D:8      | Offered knowledge of Foxfire by Vehumet.
 13730 | D:9      | Found a staircase to the Orcish Mines.
 13797 | D:10     | Entered Level 10 of the Dungeon
 13824 | D:10     | Reached skill level 9 in Spellcasting
 14000 | D:10     | Noticed a two-headed ogre
 14008 | D:10     | Killed a two-headed ogre
 14022 | D:10     | Got an encrusted mace
 14271 | D:10     | Noticed a two-headed ogre
 14285 | D:10     | Killed a two-headed ogre
 14750 | D:10     | Reached XP level 11. HP: 77/84 MP: 20/24
 14857 | D:10     | Found a staircase to the Lair.
 15351 | D:10     | Reached skill level 10 in Spellcasting
 16003 | D:11     | Reached ** piety under Vehumet
 16003 | D:11     | Offered knowledge of Shock by Vehumet.
 16097 | D:11     | Noticed a centaur warrior
 16113 | D:11     | Shot with an arrow by a centaur warrior

Illustrated notes

Levels and vault maps discovered:
D:1:      dpeg_arrival_stone_temple_mockup, layout_basic, serial_glass,
          glass_columns_c, glass_columns_a, minmay_misc_feat_roman
D:2:      layout_rooms, fedhas_altar_fruit_tree, solitary_fountain
D:3:      layout_rooms, kennysheep_pointless_box, uniq_sigmund, uniq_ijyb,
          uniq_crazy_yiuf_cottage
D:4:      layout_loops_ring, portal_sewer_entry_b, nicolae_ossuary_entry_ruins,
          kennysheep_path_1, minmay_ruptured
D:5:      layout_cave_pools, basic_altar, first_ration, ashenzari_altar_1
D:6:      layout_basic, minmay_temple_entry_glassed_door
D:7:      layout_cave_pools, lemuel_coloured_pillars_altar,
          lemuel_crystal_altar, grunt_ogre_cave, uniq_duvessa, uniq_maggie,
          uniq_pikel
D:8:      layout_basic, eat_drink_and_be_merry_uskayaw
D:9:      layout_rooms, orc_0_dummy
D:10:     layout_loops_ring, grunt_lair_entry_orc_guard_hut, st_stairs_12,
          roderic_lattice_a, hangedman_weighted_door
D:11:     layout_cave_pools, uniq_erica
Temple:   hc_temple_tempest_star

Skill      XL: |  1  2  3  4  5  6  7  8  9 10 11 |
---------------+----------------------------------+-----
Spellcasting   | 3 4 6 7 8 9 10 | 10.0
Translocations | 4 5 6 7 |  7.3
Conjurations   | 5 6 7 9 |  9.8
Dodging        | 3 4 |  4.8
Stealth        | 3 4 |  4.7
Staves         | 1 |  1.9
Fighting       | 2 4 |  4.1

Action                   |  1- 3 |  4- 6 |  7- 9 | 10-12 || total
-------------------------+-------+-------+-------+-------++-------
Melee: Unarmed           |    29 |       |       |       ||    29
       Tailslap          |     4 |     1 |       |     2 ||     7
       Dagger            |       |    35 |       |       ||    35
       Quarterstaff      |       |     2 |    47 |       ||    49
       Trident           |       |       |       |     2 ||     2
Throw: Dart              |       |     1 |     1 |       ||     2
 Cast: Magic Dart        |    68 |    68 |    89 |    67 ||   292
       Searing Ray       |     2 |    29 |    79 |    79 ||   189
       Iskenderun's Myst |       |     5 |    25 |    10 ||    40
       Blink             |       |       |     1 |     1 ||     2
 Abil: Blink             |       |       |     4 |     1 ||     5
       Breathe Fire      |       |       |     2 |       ||     2
  Use: Scroll            |     3 |     2 |    15 |     1 ||    21
       Potion            |       |    10 |     8 |     3 ||    21
 Stab: Paralysed         |       |     1 |       |       ||     1
  Eat: Chunk             |     3 |     9 |    19 |     9 ||    40
       Ration            |       |       |     3 |     1 ||     4
Armor: Skin              |    10 |    24 |   101 |    31 ||   166
Dodge: Dodged            |    39 |    61 |   135 |    76 ||   311
Block: Other             |       |       |       |    25 ||    25
       Reflection        |       |       |       |     5 ||     5
